 Dungeon Crawl Stone Soup version 0.30-a0-394-g3e4acdb0ae (webtiles) character file.

Game seed: 8445060973486501434

2504 NinjaNoafa the Trooper (level 9, -4/74 HPs)
             Began as a Merfolk Gladiator on Dec 6, 2022.
             Was a Follower of Uskayaw.
             Slain by a hornet (13 damage)
             ... on level 7 of the Dungeon.
             The game lasted 00:15:46 (8173 turns).

NinjaNoafa the Trooper (Merfolk Gladiator)          Turns: 8173, Time: 00:15:47

Health: -4/74      AC:  9    Str: 14    XL:     9   Next: 53%
Magic:  20/20      EV: 17    Int:  7    God:    Uskayaw [*.....]
Gold:   356        SH:  0    Dex: 20    Spells: 8/8 levels left

rFire   . . .      SeeInvis .    b - +0 triple crossbow
rCold   + . .      Faith    .    (shield currently unavailable)
rNeg    . . .      Spirit   .    C - +2 leather armour {rC+}
rPois   .          Reflect  .    c - +0 helmet
rElec   .          Harm     .    z - scarf {repulsion}
rCorr   .          Rampage  .    q - +0 pair of gloves
Will    .....                    g - +0 pair of boots
Stlth   +.........               (no amulet)
HPRegen 0.32/turn                x - ring of magical power
MPRegen 0.17/turn                (no ring)

@: lethally poisoned (-4 -> -26), about to teleport, repel missiles
A: (nimble swimmer 2), mertail
a: Renounce Religion, Stomp


You were on level 7 of the Dungeon.
You worshipped Uskayaw.
Uskayaw was noncommittal.
You visited 2 branches of the dungeon, and saw 8 of its levels.

You collected 356 gold pieces.

Inventory:

Hand Weapons
 b - a +0 triple crossbow (weapon)
Missiles
 d - a throwing net
 e - a javelin
 f - 54 stones
 k - 21 poisoned darts
 B - a boomerang
Armour
 c - a +0 helmet (worn)
 g - a +0 pair of boots (worn)
 j - a +0 buckler
 q - a +0 pair of gloves (worn)
 z - a scarf of repulsion (worn)
 C - a +2 leather armour of cold resistance (worn)
Jewellery
 x - a ring of magical power (left hand)
Scrolls
 h - 8 scrolls of identify {unknown}
 i - a scroll of enchant weapon {unknown}
 l - 3 scrolls of fear {unknown}
 m - 2 scrolls of vulnerability {unknown}
 n - 3 scrolls of noise {unknown}
 o - 4 scrolls of enchant armour
 s - a scroll of poison {unknown}
 t - 2 scrolls of magic mapping {unknown}
 u - 2 scrolls of teleportation
 v - 3 scrolls of butterflies {unknown}
 w - a scroll of immolation {unknown}
 y - a scroll of torment {unknown}
 A - 2 scrolls of blinking {unknown}
Potions
 a - a potion of berserk rage
 p - 3 potions of attraction


   Skills:
 + Level 7.9 Fighting
 - Level 6.0 Short Blades
 - Level 2.0 Throwing
 + Level 5.4 Armour
 + Level 7.8 Dodging
 - Level 3.8 Invocations


You had 8 spell levels left.
You didn't know any spells.
Your spell library contained the following spells:

 Spells                   Type           Power      Damage    Failure   Level
 Apportation              Tloc           0%         N/A       50%         1
 Shock                    Conj/Air       0%         1d3       50%         1
 Sublimation of Blood     Necr           0%         N/A       65%         2
 Frozen Ramparts          Ice            0%         1d1       86%         3
 Gell's Gravitas          Tloc           0%         N/A       86%         3
 Swiftness                Air            0%         N/A       86%         3
 Teleport Other           Tloc           0%         N/A       86%         3
 Airstrike                Air            0%         2d(0-16)  99%         4
 Ice Form                 Ice/Tmut       0%         N/A       99%         4
 Petrify                  Tmut/Erth      0%         N/A       99%         4
 Summon Ice Beast         Ice/Summ       0%         N/A       99%         4
 Alistair's Intoxication  Tmut/Pois      0%         N/A       100%        5
 Borgnjor's Vile Clutch   Necr/Erth      0%         N/A       100%        5
 Irradiate                Conj/Tmut      0%         3d11      100%        5
 Dispersal                Tloc           0%         N/A       100%        6
 Eringya's Noxious Bog    Tmut/Pois      0%         N/A       100%        6


Dungeon Overview and Level Annotations

Branches:
Dungeon (7/15)             Temple (1/1) D:5

Altars:
Ashenzari
Cheibriados
Elyvilon
Fedhas
Gozag
Hepliaklqana
Kikubaaqudgha
Makhleb
Nemelex Xobeh
Okawaru
Qazlal
Ru
Sif Muna
Trog
Uskayaw
Vehumet
Wu Jian
Xom
Yredelemnul
Zin
The Shining One

Shops:
D:4 :!::   D:6 (

Annotations:
D:2 1 runed translucent door, Crazy Yiuf


Innate Abilities, Weirdness & Mutations

((You are very nimble when in or above water. (Stealth+, EV+, Speed+++)))
Your lower body shifts to a powerful aquatic tail in water.


Message History

The hornet completely misses you.
It was a potion of cancellation.
Your magical effects are unravelling.
You feel magically purged.
You feel yourself speed up.
You feel sick. The hornet stings you.
You are more poisoned.
You feel yourself slow down. Something barely misses you.
The hornet stings you!
You are more poisoned.
You suddenly lose the ability to move!
Something hits you.
You feel very sick.
The hornet stings you but does no damage.
The hornet barely misses you. Something hits you but does no damage.
You are more poisoned.
You can move again.
As you read the scroll labelled COD JOUDEZXAMO, it crumbles to dust.
It is a scroll of enchant armour.
Your +1 leather armour of cold resistance glows green for a moment.
You feel extremely sick.
The hornet stings you but does no damage.
Something hits you but does no damage.
You are lethally poisoned!
The hornet misses you.
As you read the scroll labelled DAOZASTUKHLA, it crumbles to dust.
You feel strangely unstable.
It was a scroll of teleportation.
You feel yourself speed up.
* * * LOW HITPOINT WARNING * * *
You feel extremely sick. The hornet barely misses you.
Something barely misses you.
The hornet stings you but does no damage.
Something hits you but does no damage.
Okay, then.
Something hits you.
* * * LOW HITPOINT WARNING * * *
You are more poisoned.
* * * LOW HITPOINT WARNING * * *
You feel very sick. The hornet stings you!
You die...

#.......#....##.# #.....
#...............# #.####
#............#### #.#
#........##...## #.#
#........#.#.#.######.####
##.#####.................#
#.# #...#.#.###.#####.#
#.# #..#...## #.# # #.#
#.@##.# #.# #.# #.y##.#
#.# ##.#####.{##.# #.#
#.........# #.#
..####..#####..# #.#
........# #.## #.#
..#####.# #.# #...# #.#
#.#)# #.#


You could see a hornet.

Vanquished Creatures
  Prince Ribbit (D:6)
  2 water moccasins
  An ice beast (D:6)
  4 black bears
  2 ogres
  A centaur (D:6)
  A phantom (D:4)
  Blork the orc (D:5)
  2 necrophages (D:5)
  2 scorpions
  3 wights (D:6)
  A killer bee (D:6)
  2 gnoll boudas (D:6)
  3 iron imps (D:3)
  A jelly (D:6)
  3 orc priests
  2 hounds
  4 iguanas
  5 orc wizards
  6 gnolls
  8 adders
  A river rat (D:5)
  A shadow imp (D:5)
  A white imp (D:6)
  A worm (D:2)
  A dart slug (D:4)
  16 orcs
  6 endoplasms
  7 giant cockroaches
  10 goblins
  7 hobgoblins
  14 kobolds
  3 quokkas
  9 ball pythons
  7 bats
  3 frilled lizards (D:1)
  8 rats
150 creatures vanquished.

Notes
Turn   | Place    | Note
-------+----------+-------------------------------------------
     0 | D:1      | NinjaNoafa the Merfolk Gladiator began the quest for the
                  | Orb.
     0 | D:1      | Reached XP level 1. HP: 16/16 MP: 1/1
   329 | D:1      | Reached XP level 2. HP: 20/23 MP: 2/2
   681 | D:1      | Reached XP level 3. HP: 28/28 MP: 3/3
  1543 | D:2      | Reached XP level 4. HP: 27/35 MP: 4/4
  1599 | D:2      | Reached skill level 1 in Armour
  1879 | D:2      | Found a runed translucent door.
  1880 | D:2      | Noticed Crazy Yiuf
  2193 | D:3      | Found a burning altar of Makhleb.
  2215 | D:3      | Reached XP level 5. HP: 34/42 MP: 5/5
  2221 | D:3      | Reached skill level 5 in Dodging
  2745 | D:4      | Found Vodusef's Book Boutique.
  2773 | D:4      | Found Tealo's Book Shoppe.
  2795 | D:4      | Found a sacrificial altar of Ru.
  2850 | D:4      | Found an opulent altar of Gozag.
  2917 | D:4      | Noticed a phantom
  2932 | D:4      | Killed a phantom
  2933 | D:4      | Reached skill level 5 in Short Blades
  2933 | D:4      | Reached XP level 6. HP: 37/49 MP: 6/6
  3144 | D:4      | Found Nocuf's Book Shoppe.
  3380 | D:4      | Found Ciluge's Distillery.
  3391 | D:5      | Entered Level 5 of the Dungeon
  3391 | D:5      | Noticed a black bear
  3446 | D:4      | Reached skill level 5 in Fighting
  3463 | D:4      | Reached XP level 7. HP: 41/56 MP: 6/7
  3974 | D:5      | Found a glowing drain.
  4512 | D:5      | Reached XP level 8. HP: 60/65 MP: 8/8
  4653 | D:5      | Noticed Blork the orc
  4660 | D:5      | Killed Blork the orc
  4708 | D:5      | Found a staircase to the Ecumenical Temple.
  4718 | Temple   | Entered the Ecumenical Temple
  4779 | Temple   | Became a worshipper of Uskayaw the Reveller
  4854 | D:5      | Reached * piety under Uskayaw
  5063 | D:5      | Reached ** piety under Uskayaw
  5449 | D:6      | Found Bohokhaz's Antique Weapon Shop.
  5481 | D:6      | Reached skill level 5 in Armour
  5496 | D:6      | Reached skill level 1 in Invocations
  5514 | D:6      | HP: 1/65 [orc wizard/puff of flame (8)]
  5778 | D:6      | Reached XP level 9. HP: 51/71 MP: 10/10
  6014 | D:6      | Reached *** piety under Uskayaw
  6025 | D:6      | HP: 3/72 [poisoned by a water moccasin]
  6270 | D:6      | Found a snail-covered altar of Cheibriados.
  6271 | D:6      | Found a basalt altar of Yredelemnul.
  6434 | D:6      | Noticed Prince Ribbit
  6446 | D:6      | Killed Prince Ribbit
  6922 | D:6      | Found a blossoming altar of Fedhas.
  8144 | D:7      | Noticed a hornet
  8167 | D:7      | Paralysed by a hornet for 3 turns
  8169 | D:7      | Paralysed by a hornet for 2 turns
  8173 | D:7      | Slain by a hornet

Illustrated notes

Levels and vault maps discovered:
D:1:      dpeg_arrival_water_temple_mockup, layout_basic, minmay_three_crescents
D:2:      layout_loops_ring, uniq_crazy_yiuf_cottage
D:3:      layout_basic, demons_altar
D:4:      layout_cave_pools, mainiacjoe_overflow_catch_the_wave, serial_shops,
          nicolae_shop_behind_doors, nicolae_shop_competitors_out_of_business,
          kennysheep_little_box, shop_statue, grunt_decor_one_mirror,
          kennysheep_generic_room_16
D:5:      layout_loops_corners, minmay_temple_entry_grid, portal_sewer_entry_e,
          uniq_blork_the_orc
D:6:      layout_layer_cave, fedhas_altar_2,
          chequers_temple_overflow_statue_of_worship, serial_shops,
          nicolae_shop_temple_entry_statues_fountains, uniq_prince_ribbit1
D:7:      layout_loops_ring
Temple:   nicolae_temple_superstar

Skill      XL: |  1  2  3  4  5  6  7  8  9 |
---------------+----------------------------+-----
Fighting       | 3 4 5 6 7 |  7.9
Short Blades   | 4 5 6 |  6.0
Armour         | 1 2 5 |  5.4
Dodging        | 5 6 7 |  7.8
Invocations    | 2 3 |  3.8
Throwing       | |  2.0

Action                   |  1- 3 |  4- 6 |  7- 9 || total
-------------------------+-------+-------+-------++-------
Melee: Rapier            |   123 |   188 |    67 ||   378
       Punch             |       |     2 |     1 ||     3
       Tailslap          |       |       |     2 ||     2
 Fire: Triple crossbow   |       |       |   185 ||   185
Throw: Javelin           |       |     2 |       ||     2
       Throwing net      |       |     2 |     1 ||     3
Invok: Line Pass         |       |       |     2 ||     2
       Stomp             |       |       |     1 ||     1
  Use: Potion            |       |       |    13 ||    13
       Scroll            |       |       |     2 ||     2
 Stab: Sleeping          |     1 |       |       ||     1
       Held in net/web   |       |     4 |       ||     4
Armor: Leather armour    |     5 |       |    92 ||    97
       Ring mail         |    36 |       |       ||    36
       Chain mail        |     8 |    86 |    71 ||   165
Dodge: Dodged            |    70 |    80 |   269 ||   419

Table legend: (Time is in decaauts)
 A = Elapsed time spent in this place.
 B = Non-inter-level travel time spent in this place.
 C = Inter-level travel time spent in this place.
 D = Time resting spent in this place.
 E = Time spent auto-exploring this place.
 F = Levels seen in this place.
 G = Mean time per level.
                   A        B        C        D        E       F      G
               +--------+--------+--------+--------+--------+-----+--------+
         Total |   8398 |   7584 |    814 |     34 |   5910 |   8 | 1049.8 |
       Dungeon |   8283 |   7500 |    783 |     34 |   5851 |   7 | 1183.3 |
        Temple |    115 |     84 |     31 |      0 |     59 |   1 |  115.0 |
               +--------+--------+--------+--------+--------+-----+--------+

Top non-repeatable levels by time:
     D:6: 2609 daAuts
     D:5: 1511 daAuts
     D:4: 1253 daAuts
     D:1: 1016 daAuts
     D:2: 923 daAuts
     D:3: 684 daAuts
     D:7: 283 daAuts
  Temple: 115 daAuts
